 Dungeon Crawl Stone Soup version 0.30-a0-996-ga6910c8ee8 (webtiles) character file.

Game seed: 12529285993723410862

2300923 MrSquiggles the Hoplite (level 27, 254/254 HPs)
             Began as a Minotaur Fighter on Apr 3, 2023.
             Was a High Priest of Okawaru.
             Escaped with the Orb
             ... and 4 runes on Apr 5, 2023!
             The game lasted 03:03:15 (73773 turns).

MrSquiggles the Hoplite (Minotaur Fighter)         Turns: 73773, Time: 03:03:15

Health: 254/254    AC: 48    Str: 31    XL:     27
Magic:  31/31      EV: 19    Int:  7    God:    Okawaru [*****.]
Gold:   7143       SH: 27    Dex: 20    Spells: 26/26 levels left

rFire   + + +      SeeInvis +    k - +9 demon trident (vamp)
rCold   + + +      Faith    .    s - +2 tower shield {rC+}
rNeg    + + +      Spirit   .    Y - +12 gold dragon scales
rPois   +          Reflect  .    (helmet unavailable)
rElec   +          Rampage  .    y - +2 cloak {Will+}
rCorr   +          Rage     3%   N - +2 pair of gloves {Str+3}
Will    +++..                    I - +2 pair of boots of Ilaokomm {Slay+3} Stlth
                                 n - amulet of Arrival {Acrobat rF+ rC+ rCorr Int+3}
HPRegen 0.62/turn                o - ring of Viodio {rC+ rN+}
MPRegen 0.22/turn                P - ring "Rughorig" {Fire rElec rN++ SInv}

@: studying 3 skills
A: horns 3, retaliatory headbutt, agile 1, berserk 1, screaming 1
0: Orb of Zot
}: 4/15 runes: serpentine, barnacled, slimy, silver
a: Renounce Religion, Heroism, Finesse, Duel


You escaped.
You worshipped Okawaru.
Okawaru was extremely pleased with you.
You visited 11 branches of the dungeon, and saw 55 of its levels.
You also visited: Ice Cave.

You collected 10002 gold pieces.
You spent 2859 gold pieces at shops.

Inventory:

Hand Weapons
 k - a +9 vampiric demon trident (weapon)
Missiles
 i - 33 silver javelins
 u - 10 datura-tipped darts
 v - 14 curare-tipped darts
 F - 44 boomerangs (quivered)
Armour
 s - a +2 tower shield of cold resistance (worn)
 y - a +2 cloak of willpower (worn)
 I - the +2 pair of boots of Ilaokomm (worn) {Slay+3}
   (Okawaru gifted it to you on level 1 of the Depths)

   Slay:      It affects your accuracy & damage with ranged weapons and melee
   (+3).
 N - a +2 pair of gloves of strength (worn)
 Y - +12 gold dragon scales (worn)
Jewellery
 n - the amulet of Arrival (around neck) {Acrobat rF+ rC+ rCorr Int+3}
   (You took it off a frost giant on level 5 of the Vaults)

   [amulet of the acrobat]

   It increases your evasion while moving and waiting.
   Int:       It affects your intelligence (+3).
   rF:        It protects you from fire.
   rC:        It protects you from cold.
   rCorr:     It protects you from acid and corrosion.
 o - the ring of Viodio (left hand) {rC+ rN+}
   (You took it off a reaper in an ice cave)

   [ring of protection from cold]

   rC:        It protects you from cold.
   rN:        It protects you from negative energy.
 P - the ring "Rughorig" (right hand) {Fire rElec rN++ SInv}
   (You found it on level 3 of the Elven Halls)

   [ring of fire]

   It enhances your fire magic.
   rF:        It protects you from fire.
   rC:        It makes you vulnerable to cold.
   rElec:     It insulates you from electricity.
   rN:        It greatly protects you from negative energy.
   SInv:      It lets you see invisible.
 Q - an amulet of faith
Wands
 a - a wand of flame (60)
 c - a wand of polymorph (25)
 E - a wand of paralysis (28)
 O - a wand of iceblast (51)
 T - a wand of digging (11)
 U - a wand of mindburst (43)
 X - a wand of acid (11)
Scrolls
 b - 5 scrolls of magic mapping
 h - 19 scrolls of teleportation
 p - 6 scrolls of noise
 w - 4 scrolls of enchant weapon
 B - 6 scrolls of blinking
 D - 8 scrolls of fear
 K - 5 scrolls of torment
 L - 12 scrolls of poison
 M - 4 scrolls of immolation
 R - 8 scrolls of vulnerability
 S - 7 scrolls of fog
 V - 4 scrolls of amnesia
 W - 2 scrolls of silence
Potions
 d - 2 potions of might
 e - 26 potions of curing
 f - 4 potions of resistance
 g - 9 potions of heal wounds
 j - 9 potions of magic
 l - 9 potions of ambrosia
 m - 9 potions of lignification
 q - 7 potions of cancellation
 x - 13 potions of mutation
 z - 5 potions of haste
 A - 10 potions of flight
 C - 4 potions of berserk rage
 H - 4 potions of invisibility
 J - 11 potions of attraction
Miscellaneous
 r - a phial of floods
 t - a condenser vane
 G - a lightning rod (4/4)
 Z - a tin of tremorstones (2/2)


   Skills:
 - Level 22.0 Fighting
 - Level 7.0 Long Blades
 - Level 22.0 Polearms
 * Level 20.2 Throwing
 - Level 22.0 Armour
 - Level 22.0 Dodging
 - Level 24.0 Shields
 - Level 12.6 Invocations
 - Level 17.8 Evocations


You had 26 spell levels left.
You didn't know any spells.
Your spell library contained the following spells:

 Spells                   Type           Power      Damage    Failure   Level
 Apportation              Tloc           0%         N/A       99%         1
 Freeze                   Ice            0%         1d3       99%         1
 Kiss of Death            Conj/Necr      0%         2d5       99%         1
 Magic Dart               Conj           0%         1d3       99%         1
 Sandblast                Erth           0%         2d4       99%         1
 Shock                    Conj/Air       0%         1d3       99%         1
 Slow                     Hex            0%         N/A       99%         1
 Sting                    Tmut/Pois      0%         1d3       99%         1
 Blink                    Tloc           0%         N/A       100%        2
 Cigotuvi's Dreadful Rot  Necr/Pois/Air  0%         N/A       100%        2
 Ensorcelled Hibernation  Hex/Ice        0%         N/A       100%        2
 Lesser Beckoning         Tloc           0%         N/A       100%        2
 Momentum Strike          Conj/Tloc      0%         3d8       100%        2
 Passwall                 Tmut/Erth      0%         N/A       100%        2
 Poisonous Vapours        Pois/Air       0%         N/A       100%        2
 Scorch                   Fire           0%         2d5       100%        2
 Searing Ray              Conj           0%         2d4       100%        2
 Sublimation of Blood     Necr           0%         N/A       100%        2
 Wereblood                Tmut           0%         N/A       100%        2
 Confusing Touch          Hex            0%         N/A       100%        3
 Dazzling Flash           Conj/Hex       0%         N/A       100%        3
 Frozen Ramparts          Ice            0%         1d1       100%        3
 Gell's Gravitas          Tloc           0%         N/A       100%        3
 Hailstorm                Conj/Ice       0%         3d3       100%        3
 Ignite Poison            Fire/Tmut/Pois 0%         N/A       100%        3
 Inner Flame              Hex/Fire       0%         N/A       100%        3
 Kindle Blastsparks       Fire/Tloc/Air  0%         2d10      100%        3
 Mephitic Cloud           Conj/Pois/Air  0%         N/A       100%        3
 Ozocubu's Armour         Ice            0%         N/A       100%        3
 Portal Projectile        Hex/Tloc       0%         N/A       100%        3
 Spider Form              Tmut/Pois      0%         N/A       100%        3
 Stone Arrow              Conj/Erth      0%         3d7       100%        3
 Swiftness                Air            0%         N/A       100%        3
 Teleport Other           Tloc           0%         N/A       100%        3
 Vampiric Draining        Necr           0%         2d6       100%        3
 Airstrike                Air            0%         2d(0-16)  100%        4
 Anguish                  Hex/Necr       0%         N/A       100%        4
 Dispel Undead            Necr           0%         3d6       100%        4
 Flame Wave               Conj/Fire      0%         2d4       100%        4
 Fulminant Prism          Conj/Hex       0%         3d5       100%        4
 Ice Form                 Ice/Tmut       0%         N/A       100%        4
 Iskenderun's Mystic Bla  Conj/Tloc      0%         2d3       100%        4
 Leda's Liquefaction      Hex/Erth       0%         N/A       100%        4
 Manifold Assault         Tloc           0%         N/A       100%        4
 Olgreb's Toxic Radiance  Pois           0%         N/A       100%        4
 Passage of Golubria      Tloc           0%         N/A       100%        4
 Petrify                  Tmut/Erth      0%         N/A       100%        4
 Sticky Flame             Conj/Fire      0%         2d3       100%        4
 Alistair's Intoxication  Tmut/Pois      0%         N/A       100%        5
 Blade Hands              Tmut           0%         N/A       100%        5
 Borgnjor's Vile Clutch   Necr/Erth      0%         N/A       100%        5
 Freezing Cloud           Conj/Ice/Air   0%         6-21      100%        5
 Irradiate                Conj/Tmut      0%         3d11      100%        5
 Iskenderun's Battlesphe  Conj           0%         2d6       100%        5
 Lee's Rapid Deconstruct  Erth           0%         3d4*      100%        5
 Metabolic Englaciation   Hex/Ice        0%         N/A       100%        5
 Yara's Violent Unravell  Hex/Tmut       0%         3d3       100%        5
 Conjure Ball Lightning   Conj/Air       0%         3x3d6     100%        6
 Dispersal                Tloc           0%         N/A       100%        6
 Eringya's Noxious Bog    Tmut/Pois      0%         N/A       100%        6
 Iron Shot                Conj/Erth      0%         9d1       100%        6
 Starburst                Conj/Fire      0%         6d3       100%        6
 Statue Form              Tmut/Erth      0%         N/A       100%        6
 Enfeeble                 Hex            0%         N/A       100%        7
 Ozocubu's Refrigeration  Ice            0%         4d7       100%        7
 Storm Form               Tmut/Air       0%         N/A       100%        7
 Discord                  Hex            0%         N/A       100%        8
 Disjunction              Tloc           0%         N/A       100%        8
 Ignition                 Fire           0%         3d3       100%        8
 Lehudib's Crystal Spear  Conj/Erth      0%         10d2      100%        8
 Maxwell's Capacitive Co  Air            0%         ∞         100%        8
 Necromutation            Tmut/Necr      0%         N/A       100%        8
 Chain Lightning          Conj/Air       0%         N/A       100%        9
 Death's Door             Necr           0%         N/A       100%        9
 Fire Storm               Conj/Fire      0%         5d1       100%        9
 Shatter                  Erth           0%         3d5*      100%        9
 Call Canine Familiar     Summ           Unusable   N/A       N/A         3
 Tukima's Dance           Hex            Unusable   N/A       N/A         3
 Animate Armour           Summ/Erth      Unusable   N/A       N/A         4
 Animate Dead             Necr           Unusable   N/A       N/A         4
 Summon Lightning Spire   Summ/Air       Unusable   N/A       N/A         4
 Simulacrum               Ice/Necr       Unusable   N/A       N/A         6
 Summon Cactus Giant      Summ           Unusable   N/A       N/A         6
 Haunt                    Necr/Summ      Unusable   N/A       N/A         7
 Spellforged Servitor     Conj/Summ      Unusable   N/A       N/A         7
 Summon Hydra             Summ           Unusable   N/A       N/A         7
 Infestation              Necr           Unusable   N/A       N/A         8

Dungeon Overview and Level Annotations

Branches:
Dungeon (15/15)            Temple (0/1) D:7            Lair (5/5) D:9
 Shoals (4/4) Lair:3        Snake (4/4) Lair:3        Slime (5/5) Lair:5
    Orc (2/2) D:10            Elf (3/3) Orc:2        Vaults (5/5) D:14
  Crypt (3/3) Vaults:2       Tomb (0/3) Crypt:3      Depths (4/4) D:15
    Zot (5/5) Depths:4      IceCv (visited)

Altars:
Cheibriados
Dithmenos
Elyvilon
Hepliaklqana
Kikubaaqudgha
Makhleb
Okawaru
Sif Muna
Trog
Uskayaw
Vehumet
Xom
Yredelemnul
The Shining One
Jiyva

Shops:
D:1 *   Orc:1 (   Orc:2 =*[(   Elf:2 :=:   Shoals:3 *   Vaults:3 ((!(*
Depths:2 *   Depths:3 [*   Depths:4 **

Portals:
Hell: Depths:1 Depths:2 Depths:3 Depths:4
Abyss: D:4 Depths:1 Depths:3
Pandemonium: Depths:1 Depths:2 Depths:4
Ziggurat: Depths:2

Annotations:
D:10 2 transporters, DeathPants's ghost, novice VSNe
D:12 2 transporters, dolemite99's ghost, journeyman DsSu
Lair:3 exclusion: oklob plant


Innate Abilities, Weirdness & Mutations

You have a pair of large horns on your head.
You reflexively headbutt those who attack you in melee.
You are agile. (Dex +4, Str/Int -1)
You sometimes lose your temper in combat.
You occasionally shout uncontrollably at your foes.


Message History

(H) Hell (Z) Zot
Where to? (Enter - D:2, ? - help)
There is an open door here.
A red devil comes into view. It is wielding a +0 trident.
You reach to attack!
You hit the red devil.
The red devil is lightly wounded.
You reach to attack!
You hit the red devil.
The red devil is lightly wounded.
You reach to attack!
You impale the red devil!!
The red devil is severely wounded.
You block the red devil's attack.
You reach to attack!
You hit the red devil.
The red devil is almost dead.
You reach to attack!
A red film seems to cover your vision as you go berserk!
You feel yourself moving faster!
You feel mighty!
You impale the red devil!!
You kill the red devil!
Okawaru accepts your kill.
No target in view!
(D) Dungeon (T) Temple (L) Lair (A) Shoals (P) Snake Pit (M) Slime Pits (O) Orcish Mines (E) Elven Halls (V) Vaults (C) Crypt (W) Tomb (U) Depths (H) Hell (Z) Zot
Where to? (Enter - D:1, ? - help)
You feel a strong urge to attack something.
You feel your anger nearly subside.
You are no longer berserk.
You are exhausted.
You feel yourself slow down.
HP restored.
You see here a +0 robe.
There is a stone staircase leading up here.
You climb upwards.
There is a stone staircase leading down here.
You feel yourself speed up.
You see here a +0 ring mail.
There is an open door here.
You recover from your berserk rage.
An Orb Guardian comes into view.
There is a staircase leading out of the dungeon here.
You have escaped!

#..#.........#.#.............
#.##...........##....##...#..
#.##......>...........#...#..
#.###........................
##.#..........................
#..#..........#.......#....###
#.##..............)...#..#####
##.##>.....#######.............
#..........#..@..#.....########
#..##......#.....#.....#
##.###......#.X8..#.....########
##..###......#.....#.#.....#.....
.............#.....#[............
.......#####.##+#'##.......#.....
......># ####...##.......###...
.......# ##.........P.......
######## ######.........P.#


You could see an Orb Guardian.

Vanquished Creatures
  the Royal Jelly (Slime:5)
  4 ancient liches
  Mennas (Depths:3)
  4 dread liches
  3 juggernauts
  4 orbs of fire
  Josephina (Depths:3)
  Sojobo (Crypt:1)
  Parghit (Depths:4)
  The ghost of Zogul the Impregnable, a veteran MiGl of Hepliaklqana (Crypt:1)
  Bai Suzhen (Crypt:2)
  2 pandemonium lords
  4 Killer Klowns
  The ghost of lmSkywalker the Warrior, an adept DrTm of Okawaru (Depths:1)
  Margery (Vaults:5)
  A curse toe (Zot:5)
  A caustic shrike (Depths:2)
  8 golden dragons
  Nikola (Shoals:1)
  A bone dragon (Crypt:3)
  Rupert (Snake:1)
  A Brimstone Fiend (Zot:3)
  5 electric golems
  Jorgrun (Shoals:1)
  Zenata (Elf:1)
  15 tentacled monstrosities
  A walking earthen tome (Depths:1)
  An Ice Fiend (D:14)
  A deep elf blademaster (Elf:3)
  2 walking frostbound tomes (Depths:1)
  24 Orb Guardians (Zot:5)
  11 liches
  5 quicksilver dragons
  6 titans
  16 acid blobs
  2 deep elf master archers (Elf:3)
  Kirke (Shoals:1)
  2 krakens (Shoals:4)
  An Executioner (D:3)
  7 sphinxes
  Gastronok (D:11)
  7 ancient champions
  5 death cobs
  Frances (D:13)
  11 storm dragons
  5 tengu reavers
  10 rockslimes
  14 shadow dragons
  Donald (Snake:4)
  9 nagarajas
  2 draconian monks
  8 draconian knights
  15 frost giants
  3 revenants
  14 fire giants
  8 azure jellies
  10 deep elf sorcerers
  6 ghouls
  3 iron dragons
  Aizul (Snake:1)
  17 vault wardens
  A balrug (Depths:4)
  9 draconian scorchers
  A cacodemon (Depths:1)
  5 spectral caustic shrikes (Depths:3)
  4 orc warlords
  4 draconian stormcallers
  2 ghost moths (Zot:5)
  4 deep elf elementalists (Elf:3)
  A shard shrike simulacrum (Crypt:1)
  4 curse skulls
  9 quicksilver oozes
  A war gargoyle (Vaults:4)
  7 draconian shifters
  2 spriggan defenders (Depths:2)
  23 ironbound preservers
  2 reapers (IceCv)
  7 ironbound thunderhulks
  21 very ugly things
  7 vampire knights
  7 draconian annihilators
  20 stone giants
  A rockslime zombie (Crypt:1)
  9 black draconians
  8 green draconians
  7 deep elf annihilators
  3 deep elf demonologists
  6 dire elephants
  5 yellow draconians
  11 spark wasps
  9 white draconians
  13 purple draconians
  14 red draconians
  2 minotaurs (Shoals:4)
  2 lorocyprocas
  Azrael (Snake:1)
  11 deep elf death magi
  A crystal guardian (Vaults:4)
  An acid blob zombie (Crypt:2)
  6 eidola
  8 merfolk impalers
  A blizzard demon (Depths:4)
  2 merfolk javelineers
  12 ettins
  4 entropy weavers
  Snorg (D:13)
  9 fire dragons
  12 yaktaur captains
  10 great orbs of eyes
  5 rakshasas
  8 deep elf high priests
  10 jiangshi
  6 salamander tyrants
  35 vault guards
  A spectral fenstrider witch (Crypt:1)
  7 ice dragons
  3 spriggan air magi
  7 hydras
  Erica (D:10)
  2 alligator snapping turtles
  2 peacekeepers
  3 ogre magi
  15 centaur warriors
  11 ironbound frosthearts
  An Orb Guardian zombie (Crypt:1)
  6 boulder beetles
  4 merfolk aquamancers
  7 tengu warriors
  11 anacondas
  27 dancing weapons
  10 two-headed ogres
  8 vampire magi
  7 deep troll earth magi
  A hell hog (Zot:4)
  An Orb Guardian skeleton (Crypt:2)
  4 deep troll shamans
  12 satyrs
  3 orc high priests (Orc:2)
  10 naga warriors
  15 naga sharpshooters
  2 sun demons (Depths:4)
  A titan zombie (Crypt:2)
  11 hell knights
  Urug (Lair:2)
  3 soul eaters
  12 deep elf knights
  9 shock serpents
  A titan skeleton (Crypt:3)
  4 spriggan berserkers
  6 skysharks
  5 iron trolls (Depths:4)
  2 sixfirhies (Depths:4)
  Amaemon (Lair:2)
  7 salamander mystics
  A deep troll (shapeshifter) (Depths:1)
  62 deep trolls
  2 naga ritualists
  16 sea snakes
  7 skeletal warriors
  2 shadow demons (Depths:4)
  9 lindwurms
  A spectral anaconda (Crypt:1)
  4 glowing orange brains
  An iron giant zombie (Crypt:3)
  2 spriggan simulacra (IceCv)
  2 obsidian statues
  3 flayed ghosts
  2 bog bodies
  12 deep elf archers
  9 wizards
  5 necromancers
  9 phantasmal warriors
  Pikel (D:5)
  28 harpies
  24 deep elf zephyrmancers
  A steelbarb worm (shapeshifter) (Vaults:5)
  19 deep elf pyromancers
  12 mana vipers
  6 cyclopes
  7 orc sorcerers
  25 ironbound convokers
  7 orc knights
  17 salamanders
  12 moths of wrath
  17 manticores
  5 shining eyes
  42 ugly things
  2 wolf spiders
  A manticore (shapeshifter) (Depths:1)
  A goliath frog zombie (Crypt:1)
  22 fauns
  A salamander (shapeshifter) (Elf:3)
  2 spectral ettins (Crypt:1)
  Maurice (D:13)
  7 guardian serpents
  9 merfolk sirens
  22 vault sentinels
  26 naga magi
  A toenail golem (Zot:5)
  A rust devil (Depths:1)
  A water nymph (shapeshifter) (Vaults:5)
  5 torpor snails (Lair:5)
  5 water nymphs
  18 elephants
  41 black mambas
  An ice statue (Shoals:2)
  A gargoyle (D:11)
  3 orange demons
  2 smoke demons
  30 yaktaurs
  2 rime drakes
  9 unseen horrors
  13 freezing wraiths
  An anaconda simulacrum (IceCv)
  5 kobold demonologists
  18 cane toads
  3 efreet
  The ghost of jtron the Trooper, an amateur OgMo (D:4)
  A hellion (D:14)
  3 golden dragon simulacra
  8 komodo dragons
  2 red devils
  A white draconian skeleton (Crypt:2)
  3 ice devils (IceCv)
  A spectral naga (Crypt:1)
  A tengu conjurer (Depths:2)
  A green draconian skeleton (Crypt:2)
  A spectral harpy (Crypt:1)
  36 merfolk
  A polar bear (Lair:3)
  6 trolls
  2 hellwings (D:5)
  2 wind drakes
  10 hornets
  4 tyrant leeches (Lair:5)
  A tengu simulacrum (Depths:3)
  A harpy skeleton (Crypt:3)
  A hornet (shapeshifter) (Vaults:5)
  A jumping spider zombie (Crypt:1)
  3 meliai (D:15)
  22 blink frogs
  12 dream sheep
  2 shadow dragon simulacra (Depths:3)
  12 snapping turtles
  73 slime creatures
  3 shadows
  17 water elementals
  5 air elementals
  4 flying skulls
  A centaur simulacrum (Crypt:1)
  2 spriggans (Depths:2)
  A naga simulacrum (Crypt:1)
  A satyr skeleton (Crypt:3)
  A culicivora (shapeshifter) (Elf:2)
  17 wyverns
  3 dire elephant simulacra
  A guardian serpent skeleton (Crypt:3)
  A wraith (Crypt:2)
  Eustachio (D:4)
  A hog (Shoals:1)
  6 humans (Shoals:1)
  A ynoxinul (Zot:3)
  5 basilisks
  8 fire elementals
  30 yaks
  3 chaos spawn
  3 fire bats (Lair:4)
  7 golden eyes
  A neqoxec (D:10)
  A steam dragon (D:9)
  5 minotaur simulacra (IceCv)
  9 redbacks
  12 vampire mosquitoes
  Edmund (D:6)
  4 wargs
  A redback (shapeshifter) (Vaults:5)
  Menkaure (D:6)
  A deep troll zombie (Crypt:1)
  47 nagas
  22 water moccasins
  A harpy simulacrum (Crypt:1)
  8 hell hounds
  A merfolk skeleton (Crypt:3)
  A floating eye (Depths:1)
  2 sky beasts
  An alligator simulacrum (IceCv)
  A fire bat skeleton (Crypt:1)
  51 orc warriors
  A lindwurm zombie (Crypt:2)
  2 ettin simulacra
  3 black bears (Lair:2)
  17 wolves
  4 boggarts (Vaults:2)
  7 ogres
  2 dream sheep skeletons (Crypt:3)
  4 phantoms
  5 centaurs
  2 kobold brigands
  7 bullfrogs
  2 earth elementals
  3 gnoll sergeants
  2 scorpions
  2 necrophages
  2 deep troll simulacra (IceCv)
  6 wights (D:9)
  A lindwurm simulacrum (IceCv)
  6 killer bees (D:9)
  6 electric eels
  A howler monkey (D:6)
  4 lava snakes
  3 small abominations (D:4)
  3 hounds
  A jelly (D:7)
  3 gnoll boudas
  Crazy Yiuf (D:4)
  A centaur skeleton (Crypt:1)
  25 orc priests
  Jessica (D:2)
  A basilisk skeleton (Crypt:3)
  3 sleepcaps
  Ijyb (D:4)
  5 iguanas
  26 orc wizards
  3 yak simulacra (Lair:3)
  3 polar bear simulacra (Lair:3)
  A wolf simulacrum (Lair:3)
  A sky beast zombie (Crypt:1)
  A hound zombie (Crypt:3)
  A swamp drake zombie (Crypt:1)
  20 gnolls
  3 adders
  An ufetubus (D:6)
  A lava snake skeleton (Crypt:1)
  3 dart slugs
  111 orcs
  6 bats
  A bat skeleton (Crypt:1)
  11 endoplasms
  4 giant cockroaches
  6 goblins
  5 hobgoblins
  11 jackals
  7 quokkas
  3 ball pythons
  A dart slug zombie (Crypt:3)
  3 frilled lizards
  A frilled lizard skeleton (Crypt:3)
  A giant cockroach zombie (Crypt:2)
  13 kobolds
  4 rats
  4 river rat simulacra (Lair:3)
  4 tentacles (Shoals:4)
2443 creatures vanquished.

Vanquished Creatures (others)
  A Killer Klown (Zot:5)
  A golden dragon (Zot:1)
  An Orb Guardian (Zot:5)
  A quicksilver dragon (Zot:1)
  A lich (Depths:3)
  A titan (Vaults:5)
  A sphinx (Vaults:5)
  A draconian monk (Zot:3)
  A fire giant (Depths:3)
  An ironbound preserver (Vaults:4)
  3 draconian scorchers (Zot:3)
  A stone giant (Vaults:4)
  A draconian annihilator (Zot:3)
  A red draconian (Zot:3)
  A yellow draconian (Zot:1)
  A black draconian (Zot:3)
  A deep elf high priest (Vaults:5)
  An ogre mage (Vaults:5)
  A spriggan air mage (Depths:2)
  2 vault guards (Vaults:5)
  A two-headed ogre (Vaults:5)
  A deep troll shaman (Depths:2)
  A deep elf knight (Elf:1)
  A sixfirhy (Zot:5)
  A deep troll (Vaults:4)
  A wizard (Vaults:4)
  3 ironbound convokers (Vaults:5)
  An ugly thing (Vaults:4)
  A necromancer (Vaults:5)
  An orc sorcerer (Depths:3)
  2 moths of wrath
  A vault sentinel (Vaults:5)
  A freezing wraith (Vaults:5)
  A hornet (Depths:2)
  A floating eye (Depths:4)
  A boggart (Vaults:2)
  A howler monkey zombie (Crypt:2)
  An orc (Orc:1)
  22 fungi
  98 plants
  7 tentacles (Shoals:4)
171 creatures vanquished.

Grand Total: 2614 creatures vanquished

Notes
Turn   | Place    | Note
-------+----------+-------------------------------------------
     0 | D:1      | MrSquiggles the Minotaur Fighter began the quest for the
                  | Orb.
     0 | D:1      | Reached XP level 1. HP: 19/19 MP: 0/0
    72 | D:1      | Reached XP level 2. HP: 27/27 MP: 1/1
   314 | D:1      | Found Duuxzaum's General Store.
   339 | D:1      | Reached skill level 4 in Shields
   346 | D:1      | Reached XP level 3. HP: 29/33 MP: 2/2
   488 | D:1      | Found a faded altar of an unknown god.
   695 | D:2      | Noticed Jessica
   706 | D:2      | Killed Jessica
   855 | D:2      | Reached XP level 4. HP: 40/40 MP: 3/3
  1436 | D:3      | You fall into a shaft and drop 1 floor!
  1444 | D:4      | Found a one-way gate to the infinite horrors of the Abyss.
  1444 | D:4      | Noticed jtron's ghost (amateur OgMo)
  1455 | D:4      | Noticed a small abomination
  1476 | D:4      | Reached skill level 5 in Polearms
  1476 | D:4      | Reached XP level 5. HP: 46/46 MP: 4/4
  2030 | D:4      | Noticed Ijyb
  2040 | D:4      | Reached XP level 6. HP: 27/52 MP: 5/5
  2047 | D:4      | Killed Ijyb
  2461 | D:4      | Found a transporter.
  2471 | D:4      | Found a transporter.
  2478 | D:4      | Noticed a small abomination
  2528 | D:4      | Noticed Eustachio
  2551 | D:4      | Killed Eustachio
  2552 | D:4      | Reached XP level 7. HP: 51/59 MP: 6/6
  2607 | D:4      | Found an ancient bone altar of Kikubaaqudgha.
  2611 | D:4      | Found a burning altar of Makhleb.
  2612 | D:4      | Found a white marble altar of Elyvilon.
  2618 | D:4      | Found a bloodstained altar of Trog.
  2619 | D:4      | Found a glowing golden altar of the Shining One.
  2623 | D:4      | Found a hazy altar of Hepliaklqana.
  2623 | D:4      | Found a snail-covered altar of Cheibriados.
  2624 | D:4      | Found a shimmering blue altar of Sif Muna.
  2629 | D:4      | Found an iron altar of Okawaru.
  2632 | D:4      | Found a shimmering altar of Xom.
  2633 | D:4      | Found a radiant altar of Vehumet.
  2635 | D:4      | Became a worshipper of Warmaster Okawaru
  2877 | D:4      | Found a runed translucent door.
  2878 | D:4      | Noticed Crazy Yiuf
  3036 | D:4      | Killed Crazy Yiuf
  3368 | D:4      | Killed jtron's ghost
  3369 | D:4      | Reached skill level 10 in Polearms
  3370 | D:4      | Reached * piety under Okawaru
  3395 | D:4      | Killed a small abomination
  3396 | D:4      | Reached XP level 8. HP: 55/66 MP: 7/9
  3531 | D:5      | Entered Level 5 of the Dungeon
  3758 | D:5      | Identified the staff of air "Vofas" {rElec Dex+3}
  3999 | D:5      | Noticed Pikel
  3999 | D:5      | Paralysed by Pikel for 4 turns
  4005 | D:5      | Paralysed by Pikel for 5 turns
  4017 | D:5      | Killed Pikel
  4017 | D:5      | Reached ** piety under Okawaru
  4018 | D:5      | Reached XP level 9. HP: 69/71 MP: 10/10
  4127 | D:5      | Reached *** piety under Okawaru
  4982 | D:6      | Noticed Edmund
  4982 | D:6      | Noticed Menkaure
  4989 | D:6      | Killed Edmund
  4990 | D:6      | Reached skill level 5 in Fighting
  4990 | D:6      | Reached skill level 5 in Armour
  4996 | D:6      | Killed Menkaure
  6051 | D:7      | Found a staircase to the Ecumenical Temple.
  6901 | D:8      | Reached skill level 5 in Invocations
  7146 | D:8      | Reached XP level 10. HP: 84/84 MP: 12/12
  7572 | D:9      | Reached **** piety under Okawaru
  8272 | D:9      | Found a staircase to the Lair.
  8292 | D:10     | Entered Level 10 of the Dungeon
  8377 | D:10     | Reached ***** piety under Okawaru
  8458 | D:10     | Noticed a rust devil
  8567 | D:10     | Noticed a smoke demon
  8568 | D:10     | Noticed a sixfirhy
  8599 | D:10     | Reached XP level 11. HP: 97/97 MP: 15/15
  8635 | D:10     | Identified the +7 mace of Lif Pasm {venom, *Slow rN+ Dex+2}
                  | (Okawaru gifted it to you on level 10 of the Dungeon)
  8635 | D:10     | Received a gift from Okawaru
  8744 | D:10     | Noticed Erica
  8758 | D:10     | Killed Erica
  8846 | D:10     | Reached skill level 10 in Armour
  9059 | D:10     | Found a transporter.
  9061 | D:10     | Found a transporter.
  9061 | D:10     | Noticed DeathPants's ghost (novice VSNe)
  9062 | D:10     | Noticed a two-headed ogre
  9063 | D:10     | Identified the +7 great mace of Ygiehah {venom, Int+2}
  9063 | D:10     | Noticed a two-headed ogre
  9064 | D:10     | Noticed a two-headed ogre
  9064 | D:10     | Noticed a two-headed ogre
  9065 | D:10     | Noticed a two-headed ogre
  9146 | D:10     | Found a staircase to the Orcish Mines.
  9571 | D:11     | Reached skill level 10 in Fighting
  9662 | D:11     | Noticed a two-headed ogre
  9670 | D:11     | Killed a two-headed ogre
  9831 | D:11     | Got the Incunabulum of Assistive Enchantment
 10032 | D:11     | Noticed a green ugly thing
 10041 | D:11     | Killed a green ugly thing
 10152 | D:11     | Reached skill level 1 in Dodging
 10218 | D:11     | Noticed Gastronok
 10237 | D:11     | Killed Gastronok
 10238 | D:11     | Reached skill level 1 in Throwing
 10238 | D:11     | Reached skill level 1 in Evocations
 10359 | D:12     | Found a transporter.
 10389 | D:12     | Noticed a boulder beetle
 10415 | D:12     | Killed a boulder beetle
 10415 | D:12     | Received a gift from Okawaru
 10635 | D:12     | Noticed a two-headed ogre
 10638 | D:12     | Noticed dolemite99's ghost (journeyman DsSu)
 10639 | D:12     | Noticed an orc knight
 10639 | D:12     | Noticed an ettin
 10643 | D:12     | Found a bloodstained altar of Trog.
 10650 | D:12     | Noticed a two-headed ogre
 10658 | D:12     | Found a transporter.
 10804 | D:12     | Noticed a boulder beetle
 10819 | D:12     | Killed a boulder beetle
 10992 | D:12     | Noticed a two-headed ogre
 11167 | Lair:1   | Entered Level 1 of the Lair of Beasts
 11389 | Lair:1   | Reached XP level 12. HP: 110/110 MP: 16/16
 11407 | Lair:1   | Reached ****** piety under Okawaru
 11583 | Lair:1   | Identified the +13 crystal plate armour of Incorporation
                  | {*Corrode Str+4 Stlth+} (Okawaru gifted it to you on level
                  | 1 of the Lair of Beasts)
 11583 | Lair:1   | Received a gift from Okawaru
 12295 | Lair:2   | Reached skill level 5 in Dodging
 12427 | Lair:2   | Noticed Amaemon
 12435 | Lair:2   | Reached skill level 5 in Throwing
 12444 | Lair:2   | Killed Amaemon
 12571 | Lair:2   | Reached skill level 5 in Evocations
 12787 | Lair:2   | Noticed Urug
 12800 | Lair:2   | Killed Urug
 12948 | Lair:2   | Noticed a boulder beetle
 12967 | Lair:2   | Killed a boulder beetle
 12967 | Lair:2   | Identified the +1 broad axe of Xigg {freeze, Will++}
                  | (Okawaru gifted it to you on level 2 of the Lair of Beasts)
 12967 | Lair:2   | Received a gift from Okawaru
 12978 | Lair:2   | Identified the +2 robe of Fedhas's Inspiration {Regen+
                  | Str+4}
 13250 | Lair:3   | Reached XP level 13. HP: 103/116 MP: 19/19
 13268 | Lair:3   | Found a staircase to the Snake Pit.
 13557 | Lair:3   | Reached skill level 10 in Invocations
 13842 | Lair:3   | Received a gift from Okawaru
 15067 | Lair:3   | Found a staircase to the Shoals.
 15929 | Lair:4   | Reached skill level 5 in Shields
 16124 | Lair:4   | Reached skill level 6 in Shields
 16137 | Lair:4   | Identified the +5 crystal plate armour of Courage {rN++
                  | Str-2 Int+3} (Okawaru gifted it to you on level 4 of the
                  | Lair of Beasts)
 16137 | Lair:4   | Received a gift from Okawaru
 16411 | Lair:4   | Reached skill level 7 in Shields
 16423 | Lair:4   | Reached skill level 10 in Dodging
 16845 | Lair:5   | Entered Level 5 of the Lair of Beasts
 16856 | Lair:5   | Reached skill level 8 in Shields
 17079 | Lair:5   | Found a staircase to the Slime Pits.
 17079 | Lair:5   | Found a viscous altar of Jiyva.
 17201 | Lair:5   | Reached skill level 9 in Shields
 17201 | Lair:5   | Reached XP level 14. HP: 124/124 MP: 21/21
 17464 | Lair:5   | Received a gift from Okawaru
 17592 | Lair:5   | Reached skill level 10 in Shields
 17646 | Lair:5   | Found a runed translucent door.
 17690 | Lair:5   | Paralysed by a hornet for 1 turns
 17882 | Lair:5   | Paralysed by a hornet for 3 turns
 17887 | Lair:5   | Reached skill level 11 in Shields
 18707 | Lair:5   | Identified the +0 scale mail of the King of the Hill {rPois
                  | Regen+ Dex+4} (Okawaru gifted it to you on level 5 of the
                  | Lair of Beasts)
 18707 | Lair:5   | Received a gift from Okawaru
 18962 | Lair:5   | Reached skill level 12 in Shields
 19559 | Orc:1    | Entered Level 1 of the Orcish Mines
 19571 | Orc:1    | Noticed an orc warlord
 19692 | Orc:1    | Killed an orc warlord
 19834 | Orc:1    | Found Efoucvod's Weapon Emporium.
 20281 | Orc:2    | Entered Level 2 of the Orcish Mines
 20370 | Orc:2    | Found a staircase to the Elven Halls.
 20425 | Orc:2    | Noticed an orc warlord
 20476 | Orc:2    | Killed an orc warlord
 20872 | Orc:2    | Reached skill level 13 in Shields
 20900 | Orc:2    | Gained mutation: Armour fits poorly on your strangely
                  | shaped body. [a neqoxec]
 20904 | Orc:2    | Noticed an orc warlord
 21167 | Orc:2    | Killed an orc warlord
 21168 | Orc:2    | Reached XP level 15. HP: 57/132 MP: 22/22
 21302 | Orc:2    | Received a gift from Okawaru
 21615 | Orc:2    | Found Iryefi Utass's General Store.
 21616 | Orc:2    | Found Koedel's Jewellery Boutique.
 21617 | Orc:2    | Found Jaleo's Antique Armour Shop.
 21617 | Orc:2    | Found Geidarok's Antique Weapon Shop.
 21632 | Orc:2    | Bought an amulet of faith for 640 gold pieces
 21642 | Orc:2    | Bought the ring "Kareuts" {Fly Dex+6 Slay+3} for 923 gold
                  | pieces
 21661 | Orc:2    | Bought a glowing scarf for 128 gold pieces
 21661 | Orc:2    | Bought a pair of gloves for 72 gold pieces
 21669 | Orc:2    | Bought an ichor-stained scale mail for 144 gold pieces
 21669 | Orc:2    | Identified the +0 scale mail of Lugonu's Wrath {Dex+4 SInv}
                  | (You bought it in a shop on level 2 of the Orcish Mines)
 21934 | Orc:2    | Lost mutation: Armour fits poorly on your strangely shaped
                  | body. [potion of mutation]
 21934 | Orc:2    | Gained mutation: You are agile. (Dex +4, Str/Int -1)
                  | [potion of mutation]
 21934 | Orc:2    | Gained mutation: You have a pair of large horns on your
                  | head. [potion of mutation]
 21934 | Orc:2    | Gained mutation: Your muscles are strong. (Str +4, Int/Dex
                  | -1) [potion of mutation]
 22281 | D:13     | Noticed Maurice
 22281 | D:13     | Paralysed by Maurice for 5 turns
 22289 | D:13     | Killed Maurice
 22645 | D:13     | Noticed Frances
 22656 | D:13     | Killed Frances
 22662 | D:13     | Received a gift from Okawaru
 22680 | D:13     | Noticed Snorg
 22690 | D:13     | Killed Snorg
 22777 | D:13     | Identified the +7 dagger of the Flying Fool {freeze,
                  | Fragile rPois rF++ Int+2}
 23106 | D:14     | Reached skill level 14 in Shields
 24200 | D:14     | Found a gate to the Vaults.
 24270 | D:14     | Found a shimmering altar of Xom.
 24482 | D:14     | Found a hide-covered altar of Uskayaw.
 24713 | D:15     | Entered Level 15 of the Dungeon
 24789 | D:15     | Received a gift from Okawaru
 25582 | D:15     | Reached skill level 15 in Shields
 25761 | D:15     | Found a staircase to the Depths.
 26065 | Snake:1  | Entered Level 1 of the Snake Pit
 26073 | Snake:1  | Identified the +3 kite shield "Lunkaj" {Str+2 Slay+3}
                  | (Okawaru gifted it to you on level 1 of the Snake Pit)
 26073 | Snake:1  | Received a gift from Okawaru
 26098 | Snake:1  | Identified the +7 scale mail of Autumn {Regen+}
 26173 | Snake:1  | Noticed Rupert
 26188 | Snake:1  | Noticed Aizul
 26190 | Snake:1  | Killed Rupert
 26220 | Snake:1  | Killed Aizul
 26221 | Snake:1  | Reached XP level 16. HP: 101/145 MP: 19/23
 26888 | Snake:1  | Noticed Azrael
 26910 | Snake:1  | Killed Azrael
 27836 | Snake:1  | You are sucked into a shaft and drop 1 floor!
 28517 | Snake:2  | Received a gift from Okawaru
 28685 | Snake:2  | Reached skill level 15 in Armour
 28689 | Snake:2  | Reached skill level 15 in Fighting
 28780 | Snake:2  | Identified the +6 chain mail of Hysteria {rElec}
 29022 | Snake:3  | Reached skill level 15 in Dodging
 29613 | Snake:3  | Found a transporter.
 29906 | Snake:3  | Received a gift from Okawaru
 30293 | Snake:3  | Found a transporter.
 30787 | Snake:3  | Reached XP level 17. HP: 118/156 MP: 22/24
 30834 | Snake:3  | Identified the +11 shortbow "Yneocsop" {freeze, Int+3}
 30883 | Snake:4  | Entered Level 4 of the Snake Pit
 31411 | Snake:4  | Received a gift from Okawaru
 31502 | Snake:4  | Reached skill level 10 in Throwing
 31592 | Snake:4  | Got a serpentine rune of Zot
 31795 | Snake:4  | Noticed Donald
 31811 | Snake:4  | Killed Donald
 31817 | Snake:4  | Identified the +5 chain mail of Dazaetul {Dex+2} (Okawaru
                  | gifted it to you on level 4 of the Snake Pit)
 31817 | Snake:4  | Received a gift from Okawaru
 32282 | Shoals:1 | Entered Level 1 of the Shoals
 32326 | Shoals:1 | Reached skill level 10 in Evocations
 32880 | Shoals:1 | Noticed Nikola
 32898 | Shoals:1 | Killed Nikola
 32910 | Shoals:1 | Noticed Jorgrun
 32923 | Shoals:1 | Killed Jorgrun
 33106 | Shoals:1 | Noticed Kirke
 33112 | Shoals:1 | Killed Kirke
 33112 | Shoals:1 | Received a gift from Okawaru
 33658 | Shoals:2 | Received a gift from Okawaru
 33672 | Shoals:2 | Reached XP level 18. HP: 152/163 MP: 25/25
 33680 | Shoals:2 | Found a frozen archway.
 33708 | IceCv    | Entered an ice cave
 34046 | IceCv    | Identified the ring of Viodio {rC+ rN+}
 35616 | Shoals:3 | Found Tiykez's Island Escapes.
 35787 | Shoals:3 | Received a gift from Okawaru
 35926 | Shoals:3 | Received a gift from Okawaru
 36328 | Shoals:4 | Entered Level 4 of the Shoals
 36472 | Shoals:4 | Received a gift from Okawaru
 36781 | Shoals:4 | Received a gift from Okawaru
 36886 | Shoals:4 | Reached XP level 19. HP: 157/172 MP: 26/26
 36942 | Shoals:4 | Reached skill level 16 in Shields
 37045 | Shoals:4 | Got a barnacled rune of Zot
 37067 | Shoals:4 | Received a gift from Okawaru
 37144 | Shoals:4 | Identified a scroll of acquirement
 37167 | Shoals:4 | Reached XP level 20. HP: 180/180 MP: 27/27
 37168 | Shoals:4 | Reached skill level 17 in Shields
 37168 | Shoals:4 | Reached XP level 21. HP: 188/188 MP: 28/28
 37188 | Shoals:4 | Acquired 1268 gold pieces
 37710 | Elf:1    | Entered Level 1 of the Elven Halls
 37731 | Elf:1    | Found a radiant altar of Vehumet.
 37738 | Elf:1    | Reached skill level 18 in Shields
 37738 | Elf:1    | Identified the +6 long sword of Xom's Approval {distort,
                  | Int+3}
 37823 | Elf:1    | Received a gift from Okawaru
 37830 | Elf:1    | Noticed Zenata
 37831 | Elf:1    | Paralysed by an air elemental for 1 turns
 37851 | Elf:1    | Killed Zenata
 37935 | Elf:1    | Reached skill level 19 in Shields
 38025 | Elf:1    | Identified the +0 chain mail "Qull" {+Blink rC+ rN+ Int-5}
                  | (Okawaru gifted it to you on level 1 of the Elven Halls)
 38025 | Elf:1    | Received a gift from Okawaru
 38314 | Elf:1    | Got the Secrets of Incorporation
 38730 | Elf:2    | Found a runed translucent gate.
 38731 | Elf:2    | Found a runed translucent gate.
 38731 | Elf:2    | Found a runed translucent gate.
 38748 | Elf:2    | Paralysed by an air elemental for 1 turns
 38912 | Elf:2    | Found Ikefel's Book Shop.
 38913 | Elf:2    | Found Fojib's Jewellery Shoppe.
 38914 | Elf:2    | Found Ceibbai's Book Shop.
 39279 | Elf:2    | Reached skill level 20 in Shields
 40114 | Elf:3    | Entered Level 3 of the Elven Halls
 40116 | Elf:3    | Paralysed by an air elemental for 1 turns
 40188 | Elf:3    | Reached skill level 21 in Shields
 40307 | Elf:3    | Identified the +8 flail "Deqy" {flame, rN+ Will- rCorr}
 40432 | Elf:3    | Paralysed by an air elemental for 1 turns
 40465 | Elf:3    | Received a gift from Okawaru
 40476 | Elf:3    | Received a gift from Okawaru
 40477 | Elf:3    | Reached skill level 22 in Shields
 40625 | Elf:3    | Identified the +7 quarterstaff "Concordance" {flame, rF++
                  | rCorr Str-4 SInv}
 40880 | Elf:3    | Identified the +2 pair of boots "Taqieb" {rElec rN+}
 40891 | Elf:3    | Identified the +0 chain mail "Ikleaz" {Dex+2}
 40899 | Elf:3    | Identified the +4 double sword "Xetubopt" {vamp, Fly Str-4
                  | Int+2 Dex+3}
 40903 | Elf:3    | Identified the +3 ring mail of Grace {rC- rN++ Regen+
                  | rCorr}
 40908 | Elf:3    | Identified the +7 chain mail of Vulusa Leeb {rElec Str+4}
 40926 | Elf:3    | Identified the ring "Rughorig" {Fire rElec rN++ SInv}
 40928 | Elf:3    | Identified the staff of death "Ecrae" {rN+ Will+}
 40931 | Elf:3    | Identified the +2 great sword of the Enfolding Gods {flame,
                  | Will++ Str-3 Int+3}
 40965 | Elf:3    | Found the +8 longbow "Zephyr" {speed, Dex+3 SInv}
 40965 | Elf:3    | Found the +3 pair of seven-league boots {Rampage+∞}
 40994 | Elf:3    | Identified the +4 plate armour of Epnoppea {Int+3}
 41606 | Depths:1 | Entered Level 1 of the Depths
 41633 | Depths:1 | Received a gift from Okawaru
 41659 | Depths:1 | Found a runed translucent door.
 41700 | Depths:1 | Reached skill level 23 in Shields
 41700 | Depths:1 | Reached XP level 22. HP: 195/195 MP: 29/29
 41723 | Depths:1 | Found a one-way gate leading to the halls of Pandemonium.
 42005 | Depths:1 | Found a shadowy altar of Dithmenos.
 42217 | Depths:1 | Found a gateway to Hell.
 42383 | Depths:1 | Found an iron altar of Okawaru.
 42399 | Depths:1 | Identified the +2 pair of boots of Ilaokomm {Slay+3}
                  | (Okawaru gifted it to you on level 1 of the Depths)
 42399 | Depths:1 | Received a gift from Okawaru
 42545 | Depths:1 | Reached skill level 24 in Shields
 42681 | Depths:1 | Noticed a juggernaut
 42695 | Depths:1 | Killed a juggernaut
 42763 | Depths:1 | Paralysed by a floating eye for 4 turns
 42779 | Depths:1 | Identified the +1 long sword "Culiepuc" {venom, Contam Fly
                  | Str+3 Stlth+}
 42808 | Depths:1 | Noticed a juggernaut
 42822 | Depths:1 | Killed a juggernaut
 42909 | Depths:1 | Got the Elucidation of Baldness
 43344 | Depths:1 | Noticed lmSkywalker's ghost (adept DrTm)
 43649 | Depths:1 | Killed lmSkywalker's ghost
 43871 | Depths:1 | Upgraded the game from 0.30-a0-989-g0d87f670db to
                  | 0.30-a0-996-ga6910c8ee8
 43912 | Depths:2 | Found a one-way gateway to a ziggurat.
 43925 | Depths:2 | Noticed a caustic shrike
 43938 | Depths:2 | Killed a caustic shrike
 43951 | Depths:2 | Received a gift from Okawaru
 44043 | Depths:2 | Found a white marble altar of Elyvilon.
 44068 | Depths:2 | Received a gift from Okawaru
 44231 | Depths:2 | Received a gift from Okawaru
 44308 | Depths:2 | Identified the +0 scale mail of Shadows and Fog {rF- MP+9
                  | Str+5 Int+3}
 44414 | Depths:2 | Found Tior's CLEARANCE SALE!.
 44426 | Depths:2 | Bought a potion of heal wounds for 10 gold pieces
 44564 | Depths:2 | Received a gift from Okawaru
 45956 | Depths:3 | Received a gift from Okawaru
 46192 | Depths:3 | Found Waomogho's Armour Shop.
 46257 | Depths:3 | Identified the +2 buckler "Dakogiuss" {Will+ Regen+ Slay+2}
 46284 | Depths:3 | Noticed Mennas
 46287 | Depths:3 | Identified the ring "Degor" {Ice *Slow +Blink rN+}
 46287 | Depths:3 | Noticed Josephina
 46298 | Depths:3 | Killed Mennas
 46311 | Depths:3 | Identified the +0 plate armour "Jody" {rN++ Str+2 Int+4
                  | Dex-5} (Okawaru gifted it to you on level 3 of the Depths)
 46311 | Depths:3 | Received a gift from Okawaru
 46316 | Depths:3 | Killed Josephina
 46645 | Depths:3 | Found Axiraith's Assorted Antiques.
 46653 | Depths:3 | Bought an ancient platinum ring for 120 gold pieces
 46653 | Depths:3 | Identified the ring "Iciupri" {rC+ rN+ Will- Dex+5 SInv}
                  | (You bought it in a shop on level 3 of the Depths)
 46653 | Depths:3 | Bought a glittering ivory ring for 120 gold pieces
 46653 | Depths:3 | Identified the ring "Qoafelam" {Fire Str-3 Int+8 Dex+2
                  | Slay-6} (You bought it in a shop on level 3 of the Depths)
 46711 | Depths:3 | Reached XP level 23. HP: 189/206 MP: 30/30
 47064 | Depths:3 | Found a glowing golden altar of the Shining One.
 47139 | Depths:4 | Entered Level 4 of the Depths
 47330 | Depths:4 | Received a gift from Okawaru
 47439 | Depths:4 | Noticed Parghit
 47453 | Depths:4 | Received a gift from Okawaru
 47469 | Depths:4 | Killed Parghit
 47528 | Depths:4 | Paralysed by a floating eye for 2 turns
 47554 | Depths:4 | Noticed a juggernaut
 47570 | Depths:4 | Killed a juggernaut
 47774 | Depths:4 | Reached skill level 15 in Throwing
 47987 | Depths:4 | Found Cicly's Serpentskin Sales.
 48189 | Depths:4 | Received a gift from Okawaru
 48307 | Depths:4 | Found a gate to the Realm of Zot.
 48355 | Depths:4 | Identified the +9 plate armour "Vaext" {Int+3} (Okawaru
                  | gifted it to you on level 4 of the Depths)
 48355 | Depths:4 | Received a gift from Okawaru
 48576 | Depths:4 | Found Big Baal Hell's Store.
 49396 | Slime:1  | Entered Level 1 of the Pits of Slime
 49957 | Slime:5  | Entered Level 5 of the Pits of Slime
 50591 | Slime:5  | Received a gift from Okawaru
 50689 | Slime:5  | Noticed the Royal Jelly
 50705 | Slime:5  | Killed the Royal Jelly
 50705 | Slime:5  | Received a gift from Okawaru
 50706 | Slime:5  | Reached XP level 24. HP: 211/221 MP: 30/30
 50974 | Slime:5  | Identified the ring "Qolu" {Ice Int+3 Dex+2}
 50977 | Slime:5  | Got a slimy rune of Zot
 51003 | Slime:5  | Identified the staff of fire "Hegesak" {Fly rF+ rC- Str+3
                  | Dex+3}
 51042 | Slime:5  | Identified the ring of Zoapabuf {Fire Str+6 Dex+2 Stlth-}
 51322 | Vaults:1 | Entered Level 1 of the Vaults
 51373 | Vaults:1 | Identified the +4 great mace "Veyhedi" {heavy, *Rage rC+++
                  | Int+3 SInv}
 51546 | Vaults:1 | Identified the +0 robe "Miamish" {*Slow rCorr Int+3 SInv}
 51558 | Vaults:1 | Found the +3 robe of Clouds {*Thunder rCloud rElec}
 51582 | Vaults:1 | Found a radiant altar of Vehumet.
 51594 | Vaults:1 | Identified the -2 hat "Ycwergh" {rF- rCorr Str-5 Int+7}
 51597 | Vaults:1 | Identified the +0 hat of the Journeyman {Str+3}
 51600 | Vaults:1 | Identified the +1 robe of Jelune Pemn {rElec Regen+ Dex-3}
 51668 | Vaults:1 | Identified the +3 scale mail of Migehubb {rElec Slay-5
                  | Stlth+} (Okawaru gifted it to you on level 1 of the Vaults)
 51668 | Vaults:1 | Received a gift from Okawaru
 53244 | Vaults:2 | Found a staircase to the Crypt.
 53244 | Vaults:2 | Found a basalt altar of Yredelemnul.
 53245 | Vaults:2 | Found an ancient bone altar of Kikubaaqudgha.
 53443 | Vaults:2 | Received a gift from Okawaru
 53935 | Vaults:3 | Received a gift from Okawaru
 54127 | Vaults:3 | Identified the +6 scale mail of Larhaq {Str+2}
 54146 | Vaults:3 | Found Xierocw's Weapon Shoppe.
 54163 | Vaults:3 | Found Sedemil's Antique Weapon Shoppe.
 54172 | Vaults:3 | Identified the +0 robe "Rauhiac" {Harm rF+ Str-2}
 54381 | Vaults:3 | Found Daell's Antique Weapon Boutique.
 54512 | Vaults:3 | Received a gift from Okawaru
 54624 | Vaults:3 | Found Qoub's Assorted Antiques.
 54630 | Vaults:3 | Bought a potion of heal wounds for 220 gold pieces
 54630 | Vaults:3 | Bought a scroll of enchant armour for 330 gold pieces
 54649 | Vaults:3 | Found Tuefuth's Distillery.
 54931 | Vaults:4 | Received a gift from Okawaru
 54983 | Vaults:4 | Identified the +0 kite shield of the Iron City of Dis
                  | {rElec rC- Str-2 Dex+7} (Okawaru gifted it to you on level
                  | 4 of the Vaults)
 54983 | Vaults:4 | Received a gift from Okawaru
 55038 | Vaults:4 | Reached XP level 25. HP: 222/235 MP: 30/30
 56136 | Vaults:4 | Identified the +3 great sword "Hoxain" {freeze, rPois rC+
                  | Will+}
 57197 | Vaults:5 | Entered Level 5 of the Vaults
 57208 | Vaults:5 | Reached skill level 1 in Long Blades
 57243 | Vaults:5 | Received a gift from Okawaru
 57246 | Vaults:5 | Reached skill level 5 in Long Blades
 57283 | Vaults:5 | Identified the +0 pair of boots of Experimentation {+Inv
                  | Dex+2} (Okawaru gifted it to you on level 5 of the Vaults)
 57283 | Vaults:5 | Received a gift from Okawaru
 57379 | Vaults:5 | Reached skill level 15 in Polearms
 57380 | Vaults:5 | Identified the +0 battleaxe of the Fulmar {heavy, rN+}
 57550 | Vaults:5 | Noticed Margery
 57562 | Vaults:5 | Killed Margery
 57649 | Vaults:5 | Identified the amulet "Imorph" {Reflect Rampage SH+5}
 58002 | Vaults:5 | Got a silver rune of Zot
 58163 | Vaults:5 | Identified the amulet of Arrival {Acrobat rF+ rC+ rCorr
                  | Int+3}
 58191 | Vaults:5 | Received a gift from Okawaru
 58453 | Vaults:5 | Identified the +5 ring mail "Veadofue" {+Blink Will+ rCorr
                  | Dex+3}
 58463 | Vaults:5 | Identified the staff of conjuration "Wilugoc" {Dex+3}
 58474 | Vaults:5 | Identified the +0 plate armour of Oqopn {Drain rF++ rC+++
                  | Stlth+}
 58499 | Vaults:5 | Reached XP level 26. HP: 246/246 MP: 30/30
 58698 | Vaults:5 | Identified the +0 crystal plate armour of Activism {+Blink
                  | Slay+2}
 58704 | Vaults:5 | Identified the +1 dagger of Nemelex Xobeh {heavy, Drain
                  | rC++ Str+2 Stlth+}
 58705 | Vaults:5 | Identified the staff of air "Viguon" {rElec Str+3}
 58757 | Vaults:5 | Identified the ring "Qivvagr Mexu" {EV+5 Int+4 SInv}
 60015 | Orc:2    | Bought a scroll of brand weapon for 152 gold pieces
 61452 | Crypt:1  | Entered Level 1 of the Crypt
 61508 | Crypt:1  | Found a runed translucent gate.
 61510 | Crypt:1  | Found a runed translucent gate.
 61631 | Crypt:1  | Received a gift from Okawaru
 61910 | Crypt:1  | Received a gift from Okawaru
 62070 | Crypt:1  | Found a runed translucent gate.
 62070 | Crypt:1  | Noticed Zogul's ghost (veteran MiGl)
 62378 | Crypt:1  | Killed Zogul's ghost
 62574 | Crypt:1  | Identified the +11 dagger of the Scorpion {holy, Drain
                  | Str+8 Int-2 Dex+2}
 62607 | Crypt:2  | Noticed Sojobo
 62621 | Crypt:1  | Killed Sojobo
 62626 | Crypt:1  | Received a gift from Okawaru
 62840 | Crypt:2  | Received a gift from Okawaru
 63651 | Crypt:3  | Entered Level 3 of the Crypt
 63661 | Crypt:3  | Noticed Bai Suzhen
 63674 | Crypt:2  | Killed Bai Suzhen
 63689 | Crypt:2  | Received a gift from Okawaru
 63921 | Crypt:3  | Found a staircase to the Tomb.
 64000 | Crypt:3  | Received a gift from Okawaru
 64603 | Crypt:3  | Noticed an ancient lich
 64614 | Crypt:3  | Killed an ancient lich
 64618 | Crypt:3  | Reached skill level 15 in Evocations
 64622 | Crypt:3  | Noticed a dread lich
 64634 | Crypt:3  | Killed a dread lich
 64634 | Crypt:3  | Received a gift from Okawaru
 64725 | Crypt:3  | Got Noloal's Compendium of Zombies
 65171 | Zot:1    | Entered Level 1 of the Realm of Zot
 65202 | Zot:1    | Identified the +0 ring mail "Diuniwn" {Rampage} (Okawaru
                  | gifted it to you on level 1 of the Realm of Zot)
 65202 | Zot:1    | Received a gift from Okawaru
 65360 | Zot:1    | Noticed an orb of fire
 65372 | Zot:1    | Killed an orb of fire
 67894 | Zot:2    | Identified the +5 scale mail of Salvation {Regen+}
 68300 | Zot:2    | Reached XP level 27. HP: 254/254 MP: 30/30
 68916 | Zot:3    | Received a gift from Okawaru
 69288 | Zot:3    | Received a gift from Okawaru
 70361 | Zot:5    | Entered Level 5 of the Realm of Zot
 70435 | Zot:5    | Found the +16 obsidian axe {drain, demonic, Mesm Drain Fly
                  | SInv}
 70446 | Zot:5    | Received a gift from Okawaru
 71600 | Zot:5    | Noticed an ancient lich
 71626 | Zot:5    | Killed an ancient lich
 71636 | Zot:5    | Noticed an orb of fire
 71643 | Zot:5    | Noticed an orb of fire
 71645 | Zot:5    | Killed an orb of fire
 71648 | Zot:5    | Killed an orb of fire
 71655 | Zot:5    | Noticed an ancient lich
 71661 | Zot:5    | Noticed an ancient lich
 71668 | Zot:5    | Killed an ancient lich
 71668 | Zot:5    | Received a gift from Okawaru
 71680 | Zot:5    | Killed an ancient lich
 71687 | Zot:5    | Received a gift from Okawaru
 72359 | Zot:5    | Noticed a dread lich
 72361 | Zot:5    | Paralysed by a dread lich for 5 turns
 72374 | Zot:5    | Killed a dread lich
 72377 | Zot:5    | Noticed a dread lich
 72381 | Zot:5    | Received a gift from Okawaru
 72384 | Zot:5    | Noticed an orb of fire
 72393 | Zot:5    | Noticed a dread lich
 72394 | Zot:5    | Killed a dread lich
 72403 | Zot:5    | Received a gift from Okawaru
 72407 | Zot:5    | Lost mutation: Your muscles are strong. (Str +4, Int/Dex
                  | -1) [an orb of fire]
 72413 | Zot:5    | Killed an orb of fire
 72428 | Zot:5    | Received a gift from Okawaru
 72436 | Zot:5    | Killed a dread lich
 72455 | Zot:5    | Received a gift from Okawaru
 73063 | Zot:5    | Got the Orb of Zot
 73074 | Zot:5    | Gained mutation: You occasionally shout uncontrollably at
                  | your foes. [a cacodemon]
 73087 | Zot:5    | Gained mutation: You sometimes lose your temper in combat.
                  | [a cacodemon]
 73180 | Zot:3    | Noticed Waitoer the pandemonium lord
 73412 | D:14     | Noticed Xouzigea the pandemonium lord
 73433 | D:14     | Killed Xouzigea the pandemonium lord
 73548 | D:10     | Noticed Lytaax the pandemonium lord
 73566 | D:10     | Killed Lytaax the pandemonium lord
 73773 | D:$      | Escaped with the Orb!

Illustrated notes

Levels and vault maps discovered:
D:1:      minmay_arrival_solitary_statue, layout_rooms,
          shapermc_ecumenical_altar_mp_ritualfount, serial_shops, shop
D:2:      layout_basic, minmay_misc_feat_roman, uniq_jessica
D:3:      layout_basic
D:4:      layout_loops_ring, nicolae_overflow_hallway_of_the_gods,
          gammafunk_ghost_abyssal_escape, uniq_ijyb, uniq_crazy_yiuf_cottage,
          uniq_eustachio
D:5:      layout_loops_cross, serial_glass, glass_columns_a, glass_columns_a,
          uniq_pikel
D:6:      layout_loops_ring, uniq_edmund, uniq_menkaure
D:7:      layout_basic, minmay_temple_entry_statues, minmay_misc_feat_rugged,
          kennysheep_generic_room_5
D:8:      layout_layer_cave
D:9:      layout_basic, lair_entry_dummy, minmay_puff
D:10:     layout_basic, orc_0_dummy, gammafunk_ghost_smash,
          nicolae_zen_rock_garden, uniq_erica
D:11:     layout_basic, uniq_gastronok
D:12:     layout_gridville, gammafunk_ghost_wrathful_warriors
D:13:     layout_rooms, uniq_frances, uniq_snorg, uniq_maurice
D:14:     layout_irregular_city, lightli_vaults_fourway_checkpoint,
          xom_teletrap_fun, st_stairs_10, nicolae_uskayaw_suspiria
D:15:     hangedman_depths_entry_try_elsewhere_first, layout_rooms,
          hangedman_decor_opposing, serial_park_tiny_2
Lair:1:   layout_cave_pods, infiniplex_staircase_pool_2, grunt_megastairs_4,
          serial_bayou_shore_a, lemuel_fruit_tree
Lair:2:   layout_cave_shapes, beast_lair_carwin_3, grunt_megastairs_1,
          uniq_urug, uniq_amaemon
Lair:3:   layout_layer_cave, minmay_shoals_entry_hut,
          nicolae_snake_entry_warm_welcome, eino_house_with_fridge,
          grunt_megastairs_3
Lair:4:   layout_gridlike
Lair:5:   hangedman_lair_tendril_chambers, layout_layer_cave, wormcave,
          slime_entry_1, nicolae_quartered_pool_medium, minivault_11
Shoals:1: layout_shoals, abandoned_shop, uniq_kirke, uniq_nikola, uniq_jorgrun
Shoals:2: layout_shoals, portal_ice_cave_entry_ice_statue_one
Shoals:3: layout_shoals, nicolae_island_escapes
Shoals:4: shoals_end_hellmonk_lost_city, serial_shops
Snake:1:  layout_gridlike, nicolae_snake_magic_snake_eye, uniq_azrael,
          uniq_aizul, uniq_rupert
Snake:2:  layout_rooms, nicolae_triple_integral
Snake:3:  gammafunk_sealed_arena, layout_cave_town
Snake:4:  grunt_snake_rune_serpentine_throne, layout_misc_corridors,
          nicolae_snake_mages_go_home, uniq_donald
Slime:1:  layout_caves
Slime:2:  layout_caves
Slime:3:  layout_caves
Slime:4:  layout_caves
Slime:5
Orc:1:    layout_caves, serial_shops, nicolae_shop_waterfront, basic_altar,
          library_closet, nicolae_orc_crystal_geode
Orc:2:    st_orc_congregation, layout_diamond_mine
Elf:1:    eino_elf_arrival_altar, layout_loops_ring, minmay_elf_annihilation,
          uniq_zenata
Elf:2:    nicolae_elf_blades_crystal_corner, layout_geoelf_grid,
          minmay_shop_grove
Elf:3:    minmay_elf_hall_x, layout_rooms
Vaults:1: v_pattern_1, ontoclasm_vaults_fault, nicolae_vaults_three_branches,
          vaults_dpeg_hooks, hangedman_vaults_impose, grunt_tower_of_power,
          vaults_room_door_ring, hangedman_vaults_trim,
          hangedman_vaults_variations, vaults_room_pools,
          nicolae_vaults_mini_display_case, vaults_room_hallway,
          dpeg_vaults_monster_box, layout_vaults_big_cross
Vaults:2: v_alt_pattern_5, hangedman_vaults_slice, v_rooms_6, v_misc_23,
          minmay_crypt_entry_necro_gods, ontoclasm_vaults_pinch,
          grunt_vaults_hallway_short, nicolae_vaults_rhombus_5,
          hangedman_vaults_maws, layout_vaults_quadrants
Vaults:3: v_pattern_4, grunt_vaults_funnel, v_misc_3, v_misc_33,
          hangedman_vaults_nodes, hangedman_vaults_stagger,
          nicolae_vaults_ring_of_whatevers, ontoclasm_vaults_twist,
          layout_vaults_ring, serial_shops, nicolae_shop_waterfront,
          nicolae_lakefront_shop, shop, shop, nicolae_lakefront_shop
Vaults:4: hangedman_vaults_hat, nicolae_vaults_arrows,
          ontoclasm_vaults_ring_square, v_misc_11, v_alt_pattern_4, st_eye,
          hangedman_vaults_stitches, vaults_dpeg_ring, v_pattern_5,
          nicolae_vaults_little_squares_1, nicolae_vaults_rhombus_6,
          layout_vaults_omnibox
Vaults:5: serial_shops, uniq_margery
Crypt:1:  layout_gridlike, gammafunk_ghost_necromancy
Crypt:2:  layout_misc_corridors, due_unseen_surprise, uniq_sojobo
Crypt:3:  david_glass_crypt, layout_misc_corridors,
          nicolae_tomb_entry_rubble_hallway, uniq_bai_suzhen
Depths:1: minmay_box_of_curves, layout_gridlike, hangedman_abyss_entry_splay,
          grunt_dithmenos_smoke_and_mirrors, ebering_ghost_reflecting_pool,
          serial_aquarium, aquarium_bridge_square [aquarium_subvault_bridge,
          aquarium_subvault_bridge, aquarium_subvault_balcony,
          aquarium_subvault_balcony], aquarium_bridge_square
          [aquarium_subvault_bridge, aquarium_subvault_wall,
          aquarium_subvault_bridge, aquarium_subvault_bridge],
          aquarium_window_fake, aquarium_window_1, aquarium_window_3,
          aquarium_view_2c, aquarium_view_2c, aquarium_pool_2, hell_entry,
          rand_demon_pan_entry_7, grunt_ministairs_7, kennysheep_small_circle
Depths:2: minmay_bad_star, layout_basic, enter_ziggurat_f, elyvilon_altar_3,
          pan_entry, hell_entry, st_stairs_4, nicolae_shop_clearance,
          infiniplex_staircase_x
Depths:3: grunt_house_of_mirrors, layout_twisted_cross, minmay_crystal_room,
          serial_shops, nicolae_shop_statue_plus, nicolae_inconvenience_store,
          pf_hell_entry_tar_river, abyss_entry, nicolae_tso_swordbearing_angel,
          minmay_staircase_windowed_large, uniq_josephina, uniq_mennas,
          uniq_jory
Depths:4: grunt_zot_entry_pinwheel, layout_gridlike,
          nicolae_hell_entry_big_baal_hell, nrook_campfire,
          rand_demon_pan_entry_9, hangedman_decor_push, guppyfry_shop_venom,
          uniq_parghit
Zot:1:    layout_misc_corridors
Zot:2:    layout_gridlike
Zot:3:    kennysheep_spiral_hall, layout_basic, guppyfry_library_mini
Zot:4:    layout_gridlike
Zot:5:    layout_basic, hangedman_zot_decor_slant

Skill      XL: |  1  2  3  4  5  6  7  8  9 10 11 12 13 14 15 16 17 18 19 20 21 22 23 24 25 26 27 |
---------------+----------------------------------------------------------------------------------+-----
Polearms       | 3 5 6 8 10 13 14 15 19 22 | 22.0
Fighting       | 4 6 9 11 12 13 15 16 17 19 21 22 | 22.0
Shields        | 4 9 13 15 16 17 23 24 | 24.0
Armour         | 4 6 9 11 12 13 15 16 17 19 21 22 | 22.0
Invocations    | 2 3 5 7 9 11 12 | 12.6
Dodging        | 3 7 10 11 13 15 17 18 20 21 22 | 22.0
Throwing       | 3 6 7 11 12 14 15 16 20 | 20.2
Evocations     | 3 5 6 7 11 12 13 16 17 | 17.8
Long Blades    | 7 |  7.0

Action                     |  1- 3 |  4- 6 |  7- 9 | 10-12 | 13-15 | 16-18 | 19-21 | 22-24 | 25-27 || total
---------------------------+-------+-------+-------+-------+-------+-------+-------+-------+-------++-------
  Melee: Trident           |    97 |   122 |   227 |   512 |  1670 |   213 |       |       |       ||  2841
         Headbutt          |    12 |    13 |    29 |   117 |   441 |   372 |   114 |   716 |   772 ||  2586
         Demon trident     |       |       |       |       |       |  1269 |   522 |  2188 |  1766 ||  5745
         Eudemon blade     |       |       |       |       |       |       |       |       |   512 ||   512
  Throw: Javelin           |       |     5 |       |     5 |     6 |    10 |       |    45 |    55 ||   126
         Dart              |       |     3 |    45 |    54 |     1 |     1 |       |       |     5 ||   109
         Boomerang         |       |       |       |     5 |    88 |   115 |       |    85 |    62 ||   355
 Invoke: Heroism           |       |       |     2 |     6 |    14 |    21 |     9 |    22 |    19 ||    93
         Finesse           |       |       |       |     1 |     2 |       |     1 |     1 |     2 ||     7
  Evoke: Wand              |       |       |    13 |    13 |       |       |     1 |       |     4 ||    31
         Tin of tremorston |       |       |       |       |     1 |     6 |     3 |     5 |     4 ||    19
         Lightning rod     |       |       |       |       |       |       |     4 |       |       ||     4
         Phial of floods   |       |       |       |       |       |       |     2 |     1 |       ||     3
         Condenser vane    |       |       |       |       |       |       |       |       |     2 ||     2
    Use: Potion            |       |       |     4 |       |     8 |     5 |    11 |     2 |     9 ||    39
         Scroll            |       |       |    17 |    10 |     9 |     6 |    10 |     4 |    16 ||    72
   Stab: Paralysed         |       |       |     1 |       |       |       |       |       |       ||     1
         Invisible         |       |       |       |       |     8 |       |       |       |     1 ||     9
         Distracted        |       |       |       |       |     1 |     2 |       |       |       ||     3
 Armour: Scale mail        |    33 |       |       |       |       |       |       |       |       ||    33
         Plate armour      |    31 |    64 |    84 |   235 |   376 |   181 |   124 |   125 |       ||  1220
         Crystal plate arm |       |       |       |       |   704 |       |       |       |       ||   704
         Chain mail        |       |       |       |       |    10 |   134 |       |       |       ||   144
         Gold dragon scale |       |       |       |       |       |       |       |   402 |   826 ||  1228
  Dodge: Dodged            |    39 |    28 |    31 |   134 |   546 |   609 |   173 |   698 |  1078 ||  3336
  Block: Buckler           |    22 |    16 |    26 |    78 |    34 |       |       |   468 |   701 ||  1345
         Kite shield       |       |       |       |       |  1026 |  1149 |   334 |    63 |       ||  2572
         Tower shield      |       |       |       |       |       |       |       |   661 |   630 ||  1291

Table legend: (Time is in decaauts)
 A = Elapsed time spent in this place.
 B = Non-inter-level travel time spent in this place.
 C = Inter-level travel time spent in this place.
 D = Time resting spent in this place.
 E = Time spent auto-exploring this place.
 F = Levels seen in this place.
 G = Mean time per level.
                   A        B        C        D        E       F      G
               +--------+--------+--------+--------+--------+-----+--------+
         Total |  70871 |  59787 |  11084 |   8397 |  37094 |  56 | 1265.6 |
       Dungeon |  17624 |  13935 |   3689 |   2377 |   9064 |  15 | 1174.9 |
          Lair |   9751 |   7943 |   1808 |   1569 |   4876 |   5 | 1950.2 |
        Shoals |   4240 |   4011 |    229 |      5 |   2720 |   4 | 1060.0 |
     Snake Pit |   5597 |   5328 |    269 |    521 |   3510 |   4 | 1399.2 |
    Slime Pits |   2160 |   1691 |    469 |    751 |    129 |   5 |  432.0 |
  Orcish Mines |   2702 |   1971 |    731 |    187 |   1137 |   2 | 1351.0 |
   Elven Halls |   3512 |   3215 |    297 |    582 |   1900 |   3 | 1170.7 |
        Vaults |   7761 |   5830 |   1931 |    107 |   3998 |   5 | 1552.2 |
         Crypt |   3240 |   3145 |     95 |    378 |   1929 |   3 | 1080.0 |
        Depths |   7380 |   6078 |   1302 |     86 |   4573 |   4 | 1845.0 |
           Zot |   6172 |   5913 |    259 |   1462 |   3141 |   5 | 1234.4 |
      Ice Cave |    727 |    727 |      0 |    371 |    116 |   1 |  727.0 |
               +--------+--------+--------+--------+--------+-----+--------+

Top non-repeatable levels by time:
  Lair:3: 3008 daAuts
  Lair:5: 2769 daAuts
   Zot:5: 2639 daAuts
Depths:1: 2361 daAuts
Depths:4: 1913 daAuts
    D:10: 1892 daAuts
 Snake:3: 1844 daAuts
Vaults:1: 1837 daAuts
    D:14: 1837 daAuts
Depths:2: 1811 daAuts
 Snake:1: 1737 daAuts
   Orc:2: 1687 daAuts
Vaults:5: 1647 daAuts
    D:13: 1636 daAuts
Vaults:2: 1629 daAuts
